 Dungeon Crawl Stone Soup version 0.19.5 (webtiles) character file.

1100 JirkfaceJones the Cudgeler (level 8, 0/45 HPs)
             Began as a Gargoyle Fighter on May 14, 2017.
             Was a Follower of Hepliaklqana.
             Slain by Eustachio
             ... wielding a +0 falchion of distortion
              (8 damage)
             ... on level 5 of the Dungeon.
             The game lasted 00:11:57 (4199 turns).

JirkfaceJones the Cudgeler (Gargoyle Fighter)       Turns: 4199, Time: 00:11:57

Health: 0/45       AC: 15    Str: 23      XL:     8   Next: 32%
Magic:  8/8        EV:  8    Int:  8      God:    Hepliaklqana [*.....]
Gold:   220        SH: 11    Dex:  8 (9)  Spells: 0 memorised, 7 levels left

rFire  . . .     SeeInvis +     a - +1 flail
rCold  . . .     Gourm    .     b - +0 scale mail
rNeg   + . .     Faith    .     c - +1 shield
rPois  ∞         Spirit   .     (no helmet)
rElec  +         Reflect  .     y - +0 cloak
rCorr  .         Harm     .     (no gloves)
MR     .....                    (no boots)
Stlth  ..........               (no amulet)
                                w - ring of see invisible
                                k - +2 ring of protection

@: no status effects
A: reduced essence, negative energy resistance 1, electricity resistance,
unbreathing, petrification resistance, rot immunity, AC +5
a: Recall Ancestor, Ancestor Identity, Renounce Religion


You were on level 5 of the Dungeon.
You worshipped Hepliaklqana.
Hepliaklqana was aware of your devotion.
You were not hungry.

You visited 2 branches of the dungeon, and saw 7 of its levels.

You collected 220 gold pieces.

Inventory:

Hand Weapons
 a - a +1 flail (weapon)
Missiles
 g - 33 poisoned needles
Armour
 b - a +0 scale mail (worn)
 c - a +1 shield (worn)
 q - a +0 plate armour
 y - a +0 cloak (worn)
Jewellery
 j - an uncursed ring of stealth
 k - a +2 ring of protection (left hand)
 p - an uncursed ring of protection from cold
 w - a ring of see invisible (right hand)
 x - an uncursed ring of resist corrosion
Wands
 m - a wand of paralysis (21/24)
 n - a wand of acid (5/15)
Scrolls
 e - a scroll of fog {unknown}
 h - 4 scrolls of magic mapping
 s - 2 scrolls of identify
 t - 2 scrolls of teleportation
 A - a scroll of recharging
Potions
 o - a potion of lignification
 u - a potion of mutation
 v - a potion of berserk rage {unknown}
 z - a potion of brilliance {unknown}
Books
 r - a book of the Earth

   Spells                             Type                      Level
   a - Leda's Liquefaction            Hexes/Earth                  4
   b - Bolt of Magma                  Conjuration/Fire/Earth       5
   c - Statue Form                    Transmutation/Earth          6
   d - Iron Shot                      Conjuration/Earth            6
   e - Shatter                        Earth                        9
Comestibles
 d - 3 meat rations
 f - 3 bread rations
 i - a royal jelly
 l - 2 fruits
 B - a chunk of flesh


   Skills:
 + Level 5.8 Fighting
 * Level 6.2 Maces & Flails
 + Level 5.3 Armour
 + Level 5.9 Shields


You had 7 spell levels left.
You didn't know any spells.

Dungeon Overview and Level Annotations

Branches:
Dungeon (6/15)             Temple (1/1) D:4

Altars:
Ashenzari
Cheibriados
Dithmenos
Fedhas
Gozag
Hepliaklqana
Kikubaaqudgha
Makhleb
Nemelex Xobeh
Okawaru
Ru
Sif Muna
Trog
Uskayaw
Vehumet
Xom
Yredelemnul
Zin
The Shining One

Annotations:
D:4 Sigmund
D:5 Eustachio


Innate Abilities, Weirdness & Mutations

You are resistant to torment.
Your stone body is resilient. (AC +5)
You are immune to poison.
You resist negative energy. (rN+)
You are resistant to electric shocks. (rElec)
You can survive without breathing.
You are immune to petrification.
You are immune to rotting.
Your life essence is reduced. (-10% HP)


Message History

The quasit bites you but does no damage.
The quasit claws you but does no damage.
The quasit closely misses you.
Ahhotep hits Eustachio but does no damage.
The white imp hits you but does no damage.
Eustachio hits you but does no damage. Space warps horribly around you!
* * * LOW HITPOINT WARNING * * *
The quasit bites you but does no damage.
You block the quasit's attack.
The quasit claws you but does no damage.
Your shield and scale mail prevent you from hitting Eustachio.
Eustachio is almost dead.
You block the quasit's attack. x2
The quasit claws you but does no damage.
You block the quasit's attack. x2
The quasit claws you but does no damage.
Ahhotep hits Eustachio.
The white imp hits you but does no damage.
Eustachio hits you but does no damage. Space warps horribly around you!
You die...

,,,,,,,.....................#,,,*
,,,,,,,.....................#,,,*
,,,,,,,.....................#,,,*
,,,,,,,.....................#,,,*
,,,,,,,............>........#,,,*
,,,,,,########'####+##..÷...#,,,*
,,,,,,+..............#......#,,,*
,,,,,,#........55@R..#......#,,,*
,,,,,,#.........@5...+......#,,,*
,,,,,,#####.####.r...#......#,,,*
##+####..##.##########......#,,,*
.....................#......#,,,*
.....................#......#,,,*
.....................'......#,,,*
.....................#......#,,,*
.....................#......#,,,*
...###...##...##.....#......#,,,*


You could see the friendly Ahhotep the ancestor, Eustachio, 2 quasits, a white
imp and a quokka.

Vanquished Creatures
  A phantom (D:4)
  The ghost of Mahakala the Grave Robber, an amateur DsNe (D:3)
  A scorpion (D:6)
  6 killer bees
  A howler monkey (D:4)
  Terence (D:3)
  Ijyb (D:3)
  An iguana (D:3)
  A worker ant (D:4)
  6 adders
  2 oozes
  A worm (D:4)
  A dart slug (D:6)
  An orc (D:3)
  3 giant cockroaches
  4 goblins
  8 hobgoblins
  7 kobolds
  A quokka (D:3)
  5 bats
  3 frilled lizards (D:1)
  4 rats
60 creatures vanquished.

Vanquished Creatures (collateral kills)
  The ghost of Rufus the Slasher, an amateur NaFi (D:4)
  An ogre (D:4)
  A bullfrog skeleton (D:5)
  A centaur skeleton (D:4)
  An adder (D:4)
  A worm (D:4)
  A leopard gecko (D:5)
  A goblin (D:3)
  A jackal skeleton (D:5)
  2 butterflies (D:4)
11 creatures vanquished.

Vanquished Creatures (others)
  2 ancestors (D:4)
2 creatures vanquished.

Grand Total: 73 creatures vanquished

Notes
Turn   | Place    | Note
-------+----------+-------------------------------------------
     0 | D:1      | JirkfaceJones the Gargoyle Fighter began the quest for the Orb.
     0 | D:1      | Reached XP level 1. HP: 14/14 MP: 1/1
   214 | D:1      | Reached XP level 2. HP: 14/19 MP: 2/2
   849 | D:2      | Reached XP level 3. HP: 24/24 MP: 3/3
   854 | D:2      | Found a burning altar of Makhleb.
  1194 | D:3      | Noticed Ijyb
  1204 | D:3      | Killed Ijyb
  1204 | D:3      | Reached skill level 3 in Maces & Flails
  1262 | D:3      | Reached XP level 4. HP: 29/29 MP: 4/4
  1281 | D:3      | Found a sparkling altar of Nemelex Xobeh.
  1721 | D:3      | Reached XP level 5. HP: 31/33 MP: 5/5
  1749 | D:3      | Noticed Mahakala's ghost (amateur DsNe)
  1768 | D:3      | Killed Mahakala's ghost
  1925 | D:3      | Noticed Terence
  1937 | D:3      | Reached skill level 4 in Maces & Flails
  1947 | D:3      | Killed Terence
  1947 | D:3      | Reached XP level 6. HP: 34/39 MP: 6/6
  2314 | D:4      | Found a staircase to the Ecumenical Temple.
  2324 | Temple   | Entered the Ecumenical Temple
  2481 | Temple   | Became a worshipper of Hepliaklqana the Forgotten
  2552 | D:4      | You fall through a shaft for 2 floors!
  2667 | D:5      | Entered Level 5 of the Dungeon
  2698 | D:4      | Noticed a phantom
  2770 | D:4      | Reached skill level 5 in Fighting
  2770 | D:4      | Reached skill level 5 in Shields
  2770 | D:4      | Reached XP level 7. HP: 39/39 MP: 7/7
  2793 | D:4      | Reached skill level 5 in Maces & Flails
  2839 | D:4      | Found a shattered altar of Ashenzari.
  3013 | D:4      | Noticed Rufus's ghost (amateur NaFi)
  3028 | D:4      | Killed Rufus's ghost
  3104 | D:4      | Noticed Sigmund
  3156 | D:4      | Reached skill level 5 in Armour
  3166 | D:3      | Reached XP level 8. HP: 12/45 MP: 8/8
  3410 | D:4      | Reached skill level 6 in Maces & Flails
  3753 | D:4      | Reached * piety under Hepliaklqana
  3832 | D:4      | Found a snail-covered altar of Cheibriados.
  4182 | D:5      | Noticed Eustachio
  4199 | D:5      | Slain by Eustachio

Skill      XL: |  1  2  3  4  5  6  7  8 |
---------------+-------------------------+-----
Maces & Flails | 3 4 5 6 |  6.2
Fighting       | 4 5 |  5.8
Shields        | 4 5 |  5.9
Armour         | 4 5 |  5.3

Action                   |  1- 3 |  4- 6 |  7- 9 || total
-------------------------+-------+-------+-------++-------
Melee: Flail             |   111 |   159 |   118 ||   388
Invok: Ancestor Identity |       |     1 |       ||     1
  Use: Potion            |       |     5 |       ||     5
       Scroll            |       |       |     9 ||     9
 Stab: Distracted        |       |       |     1 ||     1
  Eat: Chunk             |       |     3 |     1 ||     4
       Meat ration       |       |     1 |       ||     1
       Fruit             |       |       |     2 ||     2
Armor: Scale mail        |    67 |    84 |    79 ||   230
Dodge: Dodged            |    30 |    46 |    55 ||   131
Block: Shield            |    58 |    70 |   102 ||   230
